 Dungeon Crawl Stone Soup version 0.20.1-1-g8b1a95d (webtiles) character file.

118 PossumBlood the Skirmisher (level 4, 0/42 HPs)
             Began as a Minotaur Fighter on Oct 21, 2017.
             Slain by a water moccasin (1 damage)
             ... on level 3 of the Dungeon.
             The game lasted 00:02:31 (1456 turns).

PossumBlood the Skirmisher (Minotaur Fighter)       Turns: 1456, Time: 00:02:33

Health: 0/42       AC:  6    Str: 22    XL:     4   Next: 72%
Magic:  0/3        EV:  7    Int:  5    God:
Gold:   148        SH:  9    Dex:  9    Spells: 3/3 levels left

rFire    . . .     SeeInvis +   a - +1 flail
rCold    . . .     Gourm    .   c - +0 shield
rNeg     . . .     Faith    .   b - +0 scale mail
rPois    .         Spirit   +   (helmet restricted)
rElec    .         Reflect  .   (no cloak)
rCorr    .         Harm     .   (no gloves)
MR       .....                  (no boots)
Stlth    ..........             e - amulet of guardian spirit
Regen    0.2/turn               (no ring)
MPRegen  0.1/turn               l - ring of see invisible

@: lethally poisoned (0 -> -24)
A: retaliatory headbutt, horns 2
a: no special abilities


You were on level 3 of the Dungeon.
You were not hungry.

You visited 1 branch of the dungeon, and saw 3 of its levels.

You collected 148 gold pieces.

Inventory:

Hand Weapons
 a - a +1 flail (weapon)
Armour
 b - a +0 scale mail (worn)
 c - a +0 shield (worn)
Jewellery
 e - an amulet of guardian spirit (around neck)
 l - a ring of see invisible (right hand)
Scrolls
 j - a scroll of recharging
 k - a scroll of magic mapping
 n - a scroll of identify
 p - 3 scrolls of remove curse
Potions
 d - a potion of might
 i - a potion of ambrosia
 m - 2 potions of haste {unknown}
 o - a potion of curing {unknown}
Comestibles
 f - 3 bread rations


   Skills:
 + Level 5.2 Fighting
 + Level 4.7 Maces & Flails
 - Level 3.6 Armour
 - Level 3.6 Shields


You had 3 spell levels left.
You didn't know any spells.

Dungeon Overview and Level Annotations

Branches:
Dungeon (3/15)

Altars:


Innate Abilities, Weirdness & Mutations

You reflexively headbutt those who attack you in melee.
You have a pair of horns on your head.


Message History

You feel very sick. The water moccasin bites you!
You block the water moccasin's attack.
You miss the water moccasin.
Your headbutt misses the water moccasin.
The water moccasin is moderately wounded.
You feel very sick. The water moccasin barely misses you.
You thump the water moccasin!
The water moccasin is heavily wounded.
You feel very sick. You block the water moccasin's attack.
The water moccasin bites you!
* * * LOW HITPOINT WARNING * * *
You closely miss the water moccasin.
The water moccasin is heavily wounded.
* * * LOW HITPOINT WARNING * * *
You feel very sick. The water moccasin bites you.
* * * LOW HITPOINT WARNING * * *
The water moccasin bites you.
You die...

###........
#........ ###+#....
#.#.[.. #..†...
#.....#
########.....#
######.............
#.@................
#S####.#####.......
#b #.# #....... #.
#.# #....†.. #. #.#
#......† #. #.#
#....... #. #.#
#....... #. #.#
######## #.#


You could see a water moccasin and a bat.

Vanquished Creatures
  A scorpion (D:3)
  2 adders (D:2)
  A worm (D:3)
  A dart slug (D:2)
  A leopard gecko (D:1)
  An orc (D:3)
  5 giant cockroaches
  3 goblins
  2 hobgoblins (D:1)
  2 quokkas (D:3)
  3 ball pythons
  7 bats
  7 frilled lizards
  3 kobolds (D:2)
  7 rats
46 creatures vanquished.

Notes
Turn   | Place    | Note
-------+----------+-------------------------------------------
     0 | D:1      | PossumBlood the Minotaur Fighter began the quest for the Orb.
     0 | D:1      | Reached XP level 1. HP: 19/19 MP: 0/0
   166 | D:1      | Reached XP level 2. HP: 26/27 MP: 1/1
   213 | D:1      | Reached skill level 4 in Fighting
   740 | D:2      | Reached XP level 3. HP: 30/34 MP: 2/2
  1421 | D:3      | Reached XP level 4. HP: 40/41 MP: 3/3
  1430 | D:3      | Reached skill level 5 in Fighting
  1449 | D:3      | Noticed a water moccasin
  1456 | D:3      | HP: 1/42 [water moccasin (2)]
  1456 | D:3      | Slain by a water moccasin

Skill      XL: |  1  2  3  4 |
---------------+-------------+-----
Fighting       | 4 5 |  5.2
Maces & Flails | 3 4 |  4.7
Armour         | |  3.6
Shields        | |  3.6

Action                   |  1- 3 |  4- 6 || total
-------------------------+-------+-------++-------
Melee: Flail             |   109 |    10 ||   119
       Headbutt          |     8 |     2 ||    10
  Use: Scroll            |     6 |       ||     6
  Eat: Royal jelly       |     1 |       ||     1
Armor: Scale mail        |    36 |     1 ||    37
Dodge: Dodged            |    36 |     2 ||    38
Block: Shield            |    54 |     4 ||    58
